 Dungeon Crawl Stone Soup version 0.19.5 (webtiles) character file.

9477 JeffiDaFish the Basher (level 11, -5/68 HPs)
             Began as a Gargoyle Fighter on Mar 11, 2017.
             Was a High Priest of Okawaru.
             Killed by divine providence
             ... invoked by an orc priest
              (12 damage)
             ... on level 11 of the Dungeon.
             The game lasted 00:19:30 (8965 turns).

JeffiDaFish the Basher (Gargoyle Fighter)           Turns: 8965, Time: 00:19:33

Health: -5/68      AC: 28    Str: 21    XL:     11   Next: 47%
Magic:  11/11      EV:  6    Int:  8    God:    Okawaru [*****.]
Gold:   438        SH: 12    Dex: 12    Spells: 0 memorised, 10 levels left

rFire  + . .     SeeInvis .     t - +3 flail (crush)
rCold  . . .     Gourm    .     v - +0 plate armour
rNeg   + . .     Faith    .     c - +0 shield
rPois  ∞         Spirit   .     q - +0 helmet
rElec  +         Reflect  .     l - +2 cloak {MR+}
rCorr  .         Harm     .     e - +0 pair of gloves
MR     ++...                    g - +0 pair of boots
Stlth  ..........               (no amulet)
                                n - ring of protection from fire
                                a - ring of protection from magic

@: slowed, very slow
A: negative energy resistance 1, electricity resistance, unbreathing,
petrification resistance, rot immunity, AC +7
a: Heroism, Finesse, Renounce Religion


You were on level 11 of the Dungeon.
You worshipped Okawaru.
Okawaru was extremely pleased with you.
You were near starving.

You visited 1 branch of the dungeon, and saw 11 of its levels.

You collected 559 gold pieces.
You spent 121 gold pieces at shops.

Inventory:

Hand Weapons
 b - a +2 whip of venom
 t - a +3 flail of crushing (weapon)
Armour
 c - a +0 shield (worn)
 e - a +0 pair of gloves (worn)
 g - a +0 pair of boots (worn)
 l - a +2 cloak of magic resistance (worn)
 q - a +0 helmet (worn)
 v - a +0 plate armour (worn)
Jewellery
 a - a ring of protection from magic (left hand)
 n - a ring of protection from fire (right hand)
Scrolls
 d - 3 scrolls of fog
 k - 11 scrolls of identify
 y - 2 scrolls of remove curse
 C - a scroll of fear
Potions
 m - 2 potions of curing
 o - a potion of cure mutation
 r - 2 potions of might
 s - a potion of brilliance
 x - a potion of flight
 z - 2 potions of haste
Books
 p - a book of Frost

   Spells                             Type                      Level
   a - Freeze                         Ice                          1
   b - Throw Frost                    Conjuration/Ice              2
   c - Ozocubu's Armour               Charms/Ice                   3
   d - Throw Icicle                   Conjuration/Ice              4
   e - Summon Ice Beast               Ice/Summoning                4
Comestibles
 f - 7 bread rations
 h - 3 fruits
 i - 4 beef jerkies
 j - a meat ration
 u - a slice of pizza
 A - a royal jelly


   Skills:
 + Level 7.8 Fighting
 + Level 11.0 Maces & Flails
 + Level 8.1 Armour
 + Level 2.1 Dodging
 + Level 1.9 Stealth
 + Level 11.0 Shields


You had 10 spell levels left.
You didn't know any spells.

Dungeon Overview and Level Annotations

Branches:
Dungeon (11/15)            Temple (0/1) D:5            Lair (0/6) D:10
    Orc (0/2) D:9

Altars:
Hepliaklqana
Okawaru
Qazlal
Ru
Trog
Vehumet
The Shining One

Shops:
D:4 [   D:6 (   D:10 [   D:11 !

Annotations:
D:5 Menkaure


Innate Abilities, Weirdness & Mutations

You are resistant to torment.
Your stone body is resilient. (AC +7)
You are immune to poison.
You resist negative energy. (rN+)
You are resistant to electric shocks. (rElec)
You can survive without breathing.
You are immune to petrification.
You are immune to rotting.


Message History

As you read the scroll of teleportation, it crumbles to dust.
You feel strangely unstable. The orc hits you but does no damage.
The wraith hits you but does no damage.
The orc warrior hits you with a battleaxe!
* * * LOW HITPOINT WARNING * * *
You block the orc's attack.
Your surroundings suddenly seem different.
An orc priest comes into view. It is wielding a flail.
The orc priest shouts!
An orc comes into view. It is wielding a flail of holy wrath.
The orc shouts!
A centaur comes into view.
The centaur shouts!
An orc comes into view.
The orc shouts!
An orc priest comes into view. It is wielding a dagger.
The orc priest shouts!
The orc priest invokes the aid of Beogh against you.
Beogh smites you!
You die...

#### . .....
...
......####.....
.......@....c..
.###...........
#...........
#..<........
#...........
#...o.....o.
#.......$.oo
o...........


You could see an orc warrior (wandering), a centaur, 2 orc priests and 2 orcs.

Vanquished Creatures
  Josephine (D:11)
  An unseen horror (D:10)
  A hill giant (D:9)
  A kobold demonologist (D:10)
  3 trolls
  Prince Ribbit (D:6)
  A hornet (D:8)
  The ghost of JeffiDaFish the Shield-Bearer, an amateur GrFi (D:4)
  Eustachio (D:6)
  A hungry ghost (D:10)
  Edmund (D:6)
  A soldier ant (D:11)
  A mottled dragon (D:10)
  2 water moccasins
  A sky beast (D:5)
  6 orc warriors
  An eye of draining (D:8)
  2 black bears
  A necrophage (D:10)
  The ghost of Captinkiss the Firebug, an amateur DrFE (D:3)
  3 ogres
  2 centaurs
  17 big kobolds
  A crocodile (D:10)
  Blork the orc (D:4)
  3 bullfrogs
  A wyvern zombie (D:9)
  2 scorpions
  12 killer bees
  4 howler monkeys
  2 bullfrog zombies
  3 crimson imps
  5 orc priests
  3 centaur skeletons
  2 jellies
  A bullfrog skeleton (D:7)
  5 hounds
  Ijyb (D:3)
  6 iguanas
  3 worker ants
  10 orc wizards
  A killer bee zombie (D:10)
  A hound zombie (D:7)
  2 hound skeletons
  A worker ant zombie (D:5)
  8 gnolls
  4 adders
  2 oozes
  An adder skeleton (D:5)
  An adder zombie (D:7)
  4 worms
  A dart slug (D:1)
  12 leopard geckos
  27 orcs
  2 ball pythons
  2 giant cockroaches
  6 hobgoblins
  2 jackals (D:5)
  2 quokkas
  8 bats
  4 frilled lizards
  12 goblins
  A jackal skeleton (D:4)
  20 kobolds
  8 rats
248 creatures vanquished.

Notes
Turn   | Place    | Note
-------+----------+-------------------------------------------
     0 | D:1      | JeffiDaFish the Gargoyle Fighter began the quest for the Orb.
     0 | D:1      | Reached XP level 1. HP: 14/14 MP: 1/1
   136 | D:1      | Reached XP level 2. HP: 19/19 MP: 2/2
   499 | D:1      | Reached XP level 3. HP: 23/23 MP: 3/3
   991 | D:2      | Found a stormy altar of Qazlal.
   991 | D:2      | Noticed a fire elemental
   993 | D:2      | Noticed a water elemental
  1000 | D:2      | Noticed an earth elemental
  1012 | D:2      | Reached XP level 4. HP: 24/28 MP: 4/4
  1190 | D:2      | Noticed an air elemental
  1814 | D:3      | Noticed Captinkiss's ghost (amateur DrFE)
  1828 | D:3      | Killed Captinkiss's ghost
  1828 | D:3      | Reached XP level 5. HP: 27/33 MP: 5/5
  1876 | D:3      | Noticed Ijyb
  1896 | D:3      | Killed Ijyb
  2515 | D:4      | Reached XP level 6. HP: 27/38 MP: 6/6
  2820 | D:4      | Found an iron altar of Okawaru.
  2829 | D:4      | Reached skill level 5 in Shields
  2837 | D:4      | Found a bloodstained altar of Trog.
  2888 | D:4      | Became a worshipper of Warmaster Okawaru
  2914 | D:4      | Reached skill level 1 in Dodging
  2914 | D:4      | Reached XP level 7. HP: 21/43 MP: 7/7
  3060 | D:4      | Noticed JeffiDaFish's ghost (amateur GrFi)
  3072 | D:4      | Killed JeffiDaFish's ghost
  3072 | D:4      | Reached * piety under Okawaru
  3072 | D:4      | Reached skill level 5 in Armour
  3089 | D:4      | Noticed Blork the orc
  3096 | D:4      | Killed Blork the orc
  3096 | D:4      | Reached skill level 5 in Maces & Flails
  3097 | D:4      | Found Haocleas's Antique Armour Shop.
  3110 | D:4      | Bought a helmet for 121 gold pieces
  3424 | D:5      | Entered Level 5 of the Dungeon
  3447 | D:5      | Reached XP level 8. HP: 37/48 MP: 8/8
  3455 | D:5      | Found a sacrificial altar of Ru.
  3636 | D:5      | Found a hazy altar of Hepliaklqana.
  3638 | D:5      | Noticed Menkaure
  4001 | D:5      | Found a staircase to the Ecumenical Temple.
  4180 | D:6      | Noticed Edmund
  4194 | D:6      | Killed Edmund
  4194 | D:6      | Reached ** piety under Okawaru
  4493 | D:6      | Found a radiant altar of Vehumet.
  4574 | D:6      | Noticed Prince Ribbit
  4611 | D:6      | Killed Prince Ribbit
  4611 | D:6      | Reached skill level 5 in Fighting
  4611 | D:6      | Reached skill level 1 in Stealth
  4804 | D:6      | Reached XP level 9. HP: 44/54 MP: 9/9
  4997 | D:6      | Found Dulala's Weapon Emporium.
  5000 | D:6      | Noticed Eustachio
  5013 | D:6      | Killed Eustachio
  5803 | D:7      | Found a glowing golden altar of the Shining One.
  5960 | D:8      | Reached *** piety under Okawaru
  6267 | D:8      | Noticed a hornet
  6290 | D:8      | Killed a hornet
  6583 | D:8      | Reached XP level 10. HP: 60/60 MP: 10/10
  6668 | D:9      | Reached **** piety under Okawaru
  7080 | D:9      | Found a staircase to the Orcish Mines.
  7289 | D:9      | Noticed a hill giant
  7306 | D:9      | Killed a hill giant
  7306 | D:9      | Received a gift from Okawaru
  7306 | D:9      | Reached skill level 10 in Shields
  7518 | D:10     | Entered Level 10 of the Dungeon
  7807 | D:10     | Reached ***** piety under Okawaru
  7819 | D:10     | Found Qowiedo's Armour Boutique.
  7851 | D:10     | Found a radiant altar of Vehumet.
  7902 | D:10     | Reached skill level 10 in Maces & Flails
  8233 | D:10     | Received a gift from Okawaru
  8233 | D:10     | Reached XP level 11. HP: 63/67 MP: 11/11
  8311 | D:10     | Found a staircase to the Lair.
  8630 | D:10     | Killed an unseen horror
  8888 | D:11     | Found Quajud's Distillery.
  8937 | D:11     | Noticed Josephine
  8962 | D:11     | Killed Josephine
  8965 | D:11     | Killed from afar by an orc priest

Skill      XL: |  1  2  3  4  5  6  7  8  9 10 11 |
---------------+----------------------------------+-----
Shields        | 4 5 6 7 9 10 11 | 11.0
Maces & Flails | 3 4 5 6 8 10 11 | 11.0
Armour         | 4 5 6 7 8 |  8.1
Fighting       | 4 5 6 7 |  7.8
Dodging        | 1 2 |  2.1
Stealth        | 1 |  1.9

Action                   |  1- 3 |  4- 6 |  7- 9 | 10-12 || total
-------------------------+-------+-------+-------+-------++-------
Melee: Flail             |   123 |   148 |   297 |   442 ||  1010
       Whip              |       |    22 |   149 |    92 ||   263
Invok: Heroism           |       |       |       |     1 ||     1
  Use: Scroll            |     4 |     3 |     5 |     3 ||    15
       Potion            |     1 |     7 |     4 |     7 ||    19
 Stab: Invisible         |       |       |       |     1 ||     1
  Eat: Chunk             |     1 |     6 |    13 |     5 ||    25
       Meat ration       |       |       |       |     1 ||     1
       Fruit             |       |       |       |     1 ||     1
Armor: Scale mail        |    55 |     7 |       |       ||    62
       Chain mail        |       |    99 |    88 |       ||   187
       Plate armour      |       |       |   171 |   373 ||   544
Dodge: Dodged            |    36 |    31 |    95 |   126 ||   288
Block: Shield            |    58 |    94 |   274 |   320 ||   746
